 Dungeon Crawl Stone Soup version 0.18-a0-1640-g8b6524e (webtiles) character file.

2825 Espgualade the Magician (level 9, -2/54 HPs)
             Began as a Tengu Ice Elementalist on Mar 27, 2016.
             Was an Initiate of Vehumet.
             Slain by a killer bee (7 damage)
             ... on level 8 of the Dungeon.
             The game lasted 00:28:26 (12283 turns).

Espgualade the Magician (Tengu Ice Elementalist)   Turns: 12283, Time: 00:28:26

Health: -2/54      AC:  7    Str:  9    XL:     9   Next: 73%
Magic:  12/20      EV: 14    Int: 19    God:    Vehumet [......]
Gold:   422        SH:  0    Dex: 14    Spells: 4 memorised, 12 levels left

rFire  . . .     SeeInvis .     q - +1 dagger (venom)
rCold  + + .     Gourm    .     a - +0 robe
rNeg   . . .     Faith    .     (no shield)
rPois  +         Spirit   .     (helmet restricted)
rElec  +         Dismiss  +     n - +1 cloak
rCorr  +         Reflect  .     (no gloves)
SustAt .         Harm     .     (boots unavailable)
MR     .....                    e - amulet of dismissal
Stlth  +++.......               A - ring of ice
                                i - +3 ring of protection

@: resistant, very slightly contaminated, not resistant to hostile enchantments,
fairly stealthy
A: beak, talons 3, able to fly 1
a: Fly, Renounce Religion


You were on level 8 of the Dungeon.
You worshipped Vehumet.
Vehumet was noncommittal.
You were not hungry.

You visited 2 branches of the dungeon, and saw 9 of its levels.

You collected 422 gold pieces.

Inventory:

Hand Weapons
 l - a +0 dagger of draining
 q - a +1 dagger of venom (weapon)
 v - a +1 dagger of electrocution
Armour
 a - a +0 robe (worn)
 n - a +1 cloak (worn)
Jewellery
 e - an amulet of dismissal (around neck)
 i - a +3 ring of protection (left hand)
 y - a cursed amulet of inaccuracy {unknown}
 A - a ring of ice (right hand)
Wands
 p - a wand of flame (25/48)
 u - a wand of heal wounds (7/9)
 z - a wand of iceblast (3/15)
Scrolls
 c - 2 scrolls of remove curse
 f - a scroll of fog
 g - 3 scrolls of teleportation
 h - 7 scrolls of identify
 t - a scroll of amnesia
Potions
 o - 2 potions of flight
 r - 2 potions of degeneration
Books
 b - a book of Frost

   Spells                             Type                      Level
   a - Freeze                         Ice                          1
   b - Throw Frost                    Conjuration/Ice              2
   c - Ozocubu's Armour               Charms/Ice                   3
   d - Throw Icicle                   Conjuration/Ice              4
   e - Summon Ice Beast               Ice/Summoning                4
 d - the Grimoire of Warped Transmutation
   (You found it on level 6 of the Dungeon)

   Spells                             Type                      Level
   a - Shroud of Golubria             Charms/Translocation         2
   b - Ignite Poison                  Fire/Transmutation/Poison    3
   c - Force Lance                    Conjuration/Translocation    4
   d - Ice Form                       Ice/Transmutation            4
   e - Petrify                        Transmutation/Earth          4
Comestibles
 k - a meat ration
 s - 2 fruits
 w - a beef jerky


   Skills:
 - Level 5.5 Fighting
 - Level 5.0 Dodging
 - Level 4.3 Stealth
 - Level 7.0 Spellcasting
 + Level 5.3 Conjurations
 + Level 3.0 Charms
 - Level 5.0 Ice Magic


You had 12 spell levels left.
You knew the following spells:

 Your Spells              Type           Power        Failure   Level  Hunger
a - Freeze                Ice            ####         1%          1    None
b - Throw Frost           Conj/Ice       #####.       1%          2    None
c - Ozocubu's Armour      Chrm/Ice       ####....     8%          3    #......
d - Throw Icicle          Conj/Ice       #####...     14%         4    ###....


Dungeon Overview and Level Annotations

Branches:
Dungeon (8/15)             Temple (1/1) D:6            Lair (0/8) D:8

Altars:
Ashenzari
Dithmenos
Elyvilon
Fedhas
Gozag
Kikubaaqudgha
Nemelex Xobeh
Okawaru
Pakellas
Qazlal
Ru
Sif Muna
Trog
Vehumet
Xom
Yredelemnul
Zin
The Shining One

Annotations:
D:7 Joseph


Innate Abilities, Weirdness & Mutations

You have a beak for a mouth.
You have claws for feet.
You can fly.


Message History

You are very lightly contaminated with residual magic.
Nothing appears to happen.
The killer bee stings you but does no damage.
The killer bee misses you.
Casting: Freeze
Confirm with . or Enter, or press ? or * to list all spells.
Aiming: Freeze
Press: ? - help, Shift-Dir - straight line, f/p - killer bee
Aim: a killer bee (lightly wounded)
You feel a surge of power!
You freeze the killer bee.
The killer bee is moderately wounded.
The killer bee misses you. The killer bee stings you!
* * * LOW HITPOINT WARNING * * *
Read which item? (? for menu, Esc to quit)
As you read the scroll of fog, it crumbles to dust.
The scroll dissolves into smoke.
The killer bee stings you but does no damage.
The killer bee closely misses you. The killer bee stings you!
You die...

#.......#.####### #............
... #.###.....#.# #.### #
#.#..<...#..###... .#
####.#..........##..####.##.
#...............##..........
#.....#.#...#§#§##...........
#.....#..>...§§§##§...y[......
.#.....###.###.#@y§§...........
.#.....+.....#§§§##§.....).....
.......#......§####............
#......#........# #............
#.......##....>.# #............
###.....##......# #............
#.....###.....# #..../.......
####..........# #............
#..........# #............


You could see a killer bee.

Vanquished Creatures
  Prince Ribbit (D:6)
  A hippogriff (D:7)
  A sky beast (D:5)
  A phantom (D:7)
  3 ogres
  3 centaurs
  2 giant frogs (D:6)
  Blork the orc (D:6)
  12 killer bees
  5 crimson imps
  A centaur zombie (D:3)
  A giant frog zombie (D:6)
  2 hounds (D:8)
  2 jellies
  An orc priest (D:3)
  10 orc wizards
  A centaur skeleton (D:7)
  Jessica (D:3)
  2 worker ants
  A hound skeleton (D:7)
  2 hound zombies
  11 gnolls
  4 adders
  A dart slug (D:5)
  6 giant geckos
  34 orcs
  10 bats
  10 giant cockroaches
  11 goblins
  6 hobgoblins
  9 jackals
  2 quokkas
  2 ball pythons
  A giant gecko skeleton (D:4)
  A giant gecko zombie (D:7)
  11 giant newts
  10 kobolds
  9 rats
192 creatures vanquished.

Notes
Turn   | Place    | Note
--------------------------------------------------------------
     0 | D:1      | Espgualade the Tengu Ice Elementalist began the quest for the Orb.
     0 | D:1      | Reached XP level 1. HP: 10/10 MP: 4/4
    93 | D:1      | Reached skill level 1 in Fighting
   241 | D:1      | Reached XP level 2. HP: 16/16 MP: 3/6
  1039 | D:1      | Reached XP level 3. HP: 18/22 MP: 3/7
  1043 | D:1      | Learned a level 2 spell: Throw Frost
  1047 | D:1      | Learned a level 3 spell: Ozocubu's Armour
  1894 | D:2      | Reached XP level 4. HP: 15/28 MP: 8/8
  2969 | D:3      | Noticed Jessica
  3275 | D:3      | Killed Jessica
  3282 | D:3      | Gained mutation: You can fly. [Tengu growth]
  3282 | D:3      | Reached XP level 5. HP: 18/34 MP: 0/9
  3571 | D:3      | Noticed an ogre
  3599 | D:3      | Killed an ogre
  3599 | D:3      | Reached skill level 5 in Fighting
  3675 | D:3      | Reached XP level 6. HP: 16/40 MP: 4/10
  5457 | D:3      | Reached XP level 7. HP: 35/44 MP: 4/11
  5625 | D:4      | Learned a level 4 spell: Throw Icicle
  6288 | D:5      | Entered Level 5 of the Dungeon
  6873 | D:5      | Reached skill level 5 in Ice Magic
  6955 | D:5      | Reached skill level 5 in Dodging
  6989 | D:5      | Reached XP level 8. HP: 37/50 MP: 9/12
  7702 | D:6      | Noticed Blork the orc
  7716 | D:6      | Killed Blork the orc
  7769 | D:6      | Reached skill level 3 in Spellcasting
  8193 | D:6      | Noticed Prince Ribbit
  8954 | D:6      | Killed Prince Ribbit
  8954 | D:6      | Reached skill level 4 in Spellcasting
  8959 | D:6      | Identified the Grimoire of Warped Transmutation
  9024 | D:6      | Noticed a rust devil
  9047 | D:6      | Found a staircase to the Ecumenical Temple.
  9085 | D:6      | You fall through a shaft!
  9157 | D:7      | Reached skill level 5 in Spellcasting
  9266 | D:7      | Reached XP level 9. HP: 18/54 MP: 5/18
  9302 | D:7      | HP: 2/54 [poisoned by a killer bee]
  9553 | D:7      | Reached skill level 6 in Spellcasting
 10481 | D:7      | Noticed Joseph
 10592 | Temple   | Entered the Ecumenical Temple
 10683 | Temple   | Became a worshipper of Vehumet
 10748 | D:6      | Reached skill level 7 in Spellcasting
 10991 | D:6      | Reached skill level 1 in Charms
 11178 | D:6      | Noticed an angel
 12169 | D:8      | Found a staircase to the Lair.
 12270 | D:8      | Reached skill level 5 in Conjurations
 12283 | D:8      | Slain by a killer bee

Vault maps used:
D:1:      minmay_arrival_widening_spiral_wide
D:2:      minmay_misc_feat_five
D:3:      minmay_surrounded, uniq_jessica
D:5:      first_bread
D:6:      temple_garden, nrook_mini_backslash, uniq_blork_the_orc,
          uniq_prince_ribbit1
D:7:      uniq_joseph
D:8:      gammafunk_temple_overflow_statue, lair_0_dummy, david_nohive_1,
          minmay_hollow_rounded_squares
Temple:   kilobyte_greek_temple_18

Skill      XL: |  1  2  3  4  5  6  7  8  9 |
---------------+----------------------------+-----
Fighting       | 1 2 3 4 5 |  5.5
Ice Magic      | 4 5 |  5.0
Dodging        | 3 5 |  5.0
Stealth        | 3 4 |  4.3
Spellcasting   | 5 7 |  7.0
Conjurations   | 5 |  5.3
Charms         | 3 |  3.0

Action                   |  1- 3 |  4- 6 |  7- 9 || total
-------------------------+-------+-------+-------++-------
Melee: Unarmed           |     6 |       |       ||     6
       Dagger            |    58 |   209 |   286 ||   553
 Cast: Freeze            |    36 |    29 |    42 ||   107
       Throw Frost       |       |     7 |    54 ||    61
       Ozocubu's Armour  |       |     7 |     7 ||    14
 Abil: Fly               |       |     1 |     3 ||     4
  Use: Scroll            |     4 |       |    11 ||    15
       Potion            |       |     3 |    10 ||    13
 Stab: Sleeping          |     2 |     2 |     6 ||    10
       Invisible         |       |       |     1 ||     1
       Distracted        |       |       |     1 ||     1
  Eat: Chunk             |     4 |     9 |     7 ||    20
       Bread ration      |       |     1 |     2 ||     3
       Meat ration       |       |       |     2 ||     2
       Fruit             |       |       |     2 ||     2
